Map: Site Delta LE

Players

Mic - Winner!

  • Race: Zerg Zerg
  • League: Diamond
  • Spawn Location: 5:00

demzi

  • Race: Zerg Zerg
  • League: Diamond
  • Spawn Location: 11:00

VOD

Have the link to the VOD?

Description

Time

  • Played on: March 24, 2024, 12:21 p.m.
  • Length: 14:40
Show
View Real Time Build Order
Export as new Build Order

Mic Zerg - Winner!

Build Orders: Pool First 

Get SALT Encoding   

  12  0:20  Spawning Pool  
  11  0:34  Overlord  
  11  0:50  Extractor  
  10  1:08  Zergling x4  
  10  1:09  Zergling x2  
  13  1:12  Queen  
  15  1:25  Zergling x2  
  16  1:39  Zergling x2  
  17  1:43  Zergling x2  
  18  1:56  Drone  
  19  2:02  Metabolic Boost  
  19  2:24  Zergling x4  
  19  2:25  Zergling x2  
  19  2:28  Overlord  
  16  3:06  Drone x2  
  16  3:07  Drone x2  
  20  3:18  Drone, Hatchery  
  20  3:19  Drone x2  
  22  3:35  Zergling x4  
  24  3:47  Baneling Nest  
  23  3:50  Drone x2  
  23  3:51  Drone  
  26  4:03  Drone x2  
  26  4:04  Drone  
  29  4:14  Overlord  
  29  4:20  Lair  
  29  4:25  Overlord  
  29  4:31  Baneling x4  
  29  4:46  Drone x4  
  31  4:53  Queen  
  31  4:55  Drone  
  34  5:07  Extractor  
  34  5:13  Drone x3  
  34  5:14  Drone  
  37  5:22  Drone x2  
  37  5:23  Drone  
  37  5:28  Extractor x2  
  38  5:39  Spire  
  37  5:51  Drone x3  
  40  5:57  Drone  
  40  5:58  Drone x2  
  40  6:04  Queen  
  43  6:09  Baneling  
  45  6:28  Overlord x3  
  45  6:49  Hatchery  
  44  6:54  Mutalisk x3  
  44  6:55  Mutalisk x3  
  56  7:08  Overlord x2  
  56  7:09  Overlord  
  56  7:10  Drone  
  57  7:17  Mutalisk  
  57  7:18  Mutalisk  
  61  7:26  Drone x3  
  64  7:38  Zerg Flyer Weapons Level 1  
  64  7:39  Mutalisk  
  64  7:40  Mutalisk  
  64  7:42  Drone x3  
  71  7:51  Spore Crawler  
  70  8:02  Drone x2  
  70  8:03  Drone x3  
  70  8:04  Queen  
  77  8:05  Drone  
  77  8:06  Drone x3  
  79  8:17  Mutalisk x3  
  85  8:21  Overlord  
  85  8:29  Extractor  
  84  8:35  Drone x4  
  84  8:37  Extractor, Queen  
  89  8:50  Mutalisk, Drone  
  89  8:51  Mutalisk x4  
  100  9:06  Mutalisk x2  
  100  9:09  Overlord  
  104  9:10  Overlord x3  
  92  9:25  Mutalisk  
  92  9:26  Mutalisk  
  96  9:37  Mutalisk  
  79  9:52  Drone x7  
  83  10:04  Queen  
  83  10:05  Queen x2  
  89  10:16  Drone x3  
  89  10:17  Drone  
  93  10:39  Queen  
  93  10:41  Queen  
  95  10:46  Mutalisk x3  
  95  10:47  Mutalisk x2  
  105  11:16  Drone x5  
  105  11:17  Drone, Zerg Flyer Weapons Level 2  
  111  11:20  Hydralisk Den  
  110  11:30  Corruptor  
  112  11:48  Mutalisk x2  
  116  12:04  Drone x2  
  116  12:05  Hydralisk x2  
  122  12:17  Lair  
  122  12:20  Hatchery  
  121  12:32  Grooved Spines  
  121  12:40  Lurker Den  
  121  12:41  Drone x3  
  121  12:44  Infestation Pit  
  122  13:01  Mutalisk x4  
  130  13:18  Hydralisk x3  
  136  13:25  Overlord  
  126  13:35  Hydralisk  
  128  13:42  Drone  
  128  13:43  Drone x3  
  128  13:44  Queen  
  134  14:16  Drone  
  136  14:17  Drone x4  
  136  14:18  Evolution Chamber  
  136  14:20  Evolution Chamber x2  
Show
View Real Time Build Order
Export as new Build Order

demzi Zerg 

Build Orders: Hatch First 

Get SALT Encoding   

  12  0:02  Drone  
  13  0:12  Overlord  
  13  0:17  Drone  
  14  0:31  Drone x2  
  16  0:49  Hatchery  
  15  0:53  Drone  
  16  0:58  Drone  
  16  1:01  Drone  
  18  1:07  Extractor  
  17  1:17  Spawning Pool  
  16  1:20  Drone  
  16  1:24  Drone  
  18  1:28  Drone  
  19  1:39  Drone  
  20  1:50  Overlord  
  20  2:05  Queen  
  20  2:06  Zergling x2  
  20  2:07  Zergling x2  
  25  2:20  Spine Crawler  
  25  2:22  Spine Crawler  
  23  2:26  Zergling x2  
  23  2:28  Zergling x2  
  25  2:35  Zergling x2  
  24  2:48  Zergling x2  
  22  2:55  Overlord  
  18  3:07  Queen  
  20  3:14  Zergling x2  
  20  3:15  Zergling x6  
  20  3:19  Drone  
  25  3:20  Roach Warren  
  24  3:37  Drone  
  25  3:43  Overlord  
  25  4:06  Queen  
  25  4:07  Drone x2  
  29  4:10  Hatchery  
  29  4:15  Drone x2  
  30  4:30  Drone  
  30  4:31  Drone x2  
  28  5:00  Roach  
  28  5:01  Roach x4  
  40  5:28  Drone x2  
  40  5:31  Queen  
  42  6:05  Baneling Nest  
  42  6:07  Evolution Chamber  
  42  6:08  Evolution Chamber  
  39  6:15  Drone x3  
  39  6:17  Drone x2  
  39  6:18  Overlord  
  44  6:27  Lair  
  44  6:31  Overlord x3  
  44  6:42  Drone x5  
  49  6:49  Zerg Missile Weapons Level 1  
  49  6:50  Zerg Ground Armor Level 1  
  49  6:53  Drone x3  
  49  6:54  Drone  
  53  6:56  Extractor  
  53  6:59  Extractor  
  51  7:04  Overlord x2  
  51  7:12  Drone x2  
  51  7:13  Drone  
  51  7:14  Drone x3  
  57  7:16  Roach  
  59  7:24  Glial Reconstitution  
  59  7:29  Roach x3  
  65  7:37  Roach  
  65  7:44  Roach x7  
  69  7:50  Overlord  
  81  8:00  Overlord  
  81  8:11  Roach  
  81  8:12  Roach x3  
  89  8:14  Overlord  
  89  8:17  Overlord  
  89  8:23  Ravager x4  
  89  8:25  Ravager  
  94  8:31  Hatchery  
  93  8:38  Zergling x2  
  93  8:39  Zergling x10  
  99  9:03  Overlord x2  
  99  9:04  Overlord  
  94  9:32  Hydralisk Den  
  45  10:02  Hydralisk x9  
  45  10:03  Hydralisk x5  
  73  10:17  Hydralisk x2  
  61  10:41  Zergling x2  
  61  10:42  Zergling x20  
  68  10:48  Queen  
  70  10:51  Drone x3  
  70  10:54  Drone x3  
  76  11:11  Drone x3  
  79  11:19  Drone x3, Extractor  
  79  11:20  Queen  
  83  11:29  Drone x3  
  83  11:30  Extractor  
  84  11:38  Drone  
  84  11:39  Drone x2  
  80  11:48  Hydralisk  
  80  11:49  Hydralisk x3  
  80  11:50  Hydralisk  
  90  12:05  Drone x5  
  90  12:07  Hydralisk  
  97  12:12  Hydralisk  
  99  12:18  Drone x2  
  99  12:20  Drone  
  99  12:22  Drone  
  103  12:24  Drone  
  104  12:37  Hydralisk x3  
  104  12:38  Hydralisk  
  104  12:53  Hydralisk  
  104  12:54  Hydralisk x4  
  99  13:02  Hydralisk  
  100  13:14  Hydralisk  
  100  13:17  Hydralisk  
  93  13:47  Hatchery  
  92  13:57  Hydralisk x2  
Tags
 
Add a new tag
Caveats
  • Supply blocks, unpowered buildings, or Contaminate may cause inaccurate times.
  • Supply counts are checked every 10 seconds.